[Event "Titled Tuesday Blitz January 17 Early 2023"]
[White "Zemlyanskii, Ivan"]
[Black "Wartiovaara, Oliver"]
[WhiteFideId "24249971"]
[BlackFideId "513024"]
[WhiteElo "2300"]
[BlackElo "2264"]
[Result "0-1"]
[Round "01"]
[TimeControl "180+2"]
[Date "2023.01.17"]
[WhiteClock "0:00:01"]
[BlackClock "0:00:06"]

1. d4 Nf6 2. c4 c5 3. d5 e6 4. Nc3 exd5 5. cxd5 d6 6. e4 g6 7. f4 Bg7 8. Bb5+ Nfd7 9. Be2 O-O 10. Nf3 Na6 11. O-O Rb8 12. Kh1 Nc7 13. a4 a6 14. f5 b5 15. axb5 axb5 16. Bg5 Bf6 17. Bxf6 Nxf6 18. Bd3 b4 19. Ne2 Ng4 20. Qd2 Qe7 21. Ng3 gxf5 22. exf5 Qe3 23. Qc2 b3 24. Qc3 Nxd5 25. Qc4 Nf4 26. Rae1 d5 27. Qa4 Rb4 28. Qc6 Qxd3 29. Qxc5 Rc4 30. Qd6 Ne3 31. Qf6 Nxf1 32. Qg5+ Kh8 33. Qh6 Nxg3+ 34. hxg3 Ng6 35. fxg6 Qxg6 36. Qxf8+ Qg8 37. Qd6 Be6 38. Qe5+ Qg7 39. Qb8+ Qg8 40. Qxb3 Rg4 41. Ne5 Rxg3 42. Qc2 Qg7 43. Qf2 Qh6+ 44. Kg1 Rg8 45. Qd4 Qg7 46. Qf4 Rf8 47. Qf2 Rg8 48. Nf3 Bg4 49. Nd4 f6 50. Qf4 Bh3 51. Re2 Bxg2 52. Nf5 Qg6 53. Kf2 Be4 54. Ng3 f5 55. Qe5+ Qg7 56. Qf4 Qg4 57. Qe5+ Qg7 58. Qf4 Rf8 59. Re3 Qxb2+ 60. Re2 Qg7 61. Kf1 Bd3 0-1


[Site "https://www.chess.com"]

[Event "Titled Tuesday Blitz January 17 Early 2023"]
[White "Buchenau, Frank"]
[Black "Tsaruk, Maksim"]
[WhiteFideId "4604350"]
[BlackFideId "13511173"]
[WhiteElo "2222"]
[BlackElo "2373"]
[Result "1-0"]
[Round "01"]
[TimeControl "180+2"]
[Date "2023.01.17"]
[WhiteClock "0:00:13"]
[BlackClock "0:00:04"]

1. e4 e6 2. Nf3 d5 3. Nc3 dxe4 4. Nxe4 Nd7 5. d4 Ngf6 6. Bd3 Nxe4 7. Bxe4 Nf6 8. Bg5 Be7 9. Bxf6 Bxf6 10. Qd3 c5 11. Qb5+ Bd7 12. Qxc5 Rc8 13. Qa3 Qb6 14. O-O-O Be7 15. Qb3 Qa5 16. Kb1 O-O 17. Rhe1 Ba4 18. Qe3 Rc7 19. b3 Ba3 20. c4 Rxc4 21. Bxh7+ Kh8 22. Bc2 Rfc8 23. Ng5 Rxc2 24. Qh3+ Kg8 25. Qh7+ Kf8 26. Qxc2 Rxc2 27. Kxc2 Qxg5 28. bxa4 Qxg2 29. Kb3 Be7 30. d5 exd5 31. Rc1 Qxf2 32. Rc8+ Bd8 33. Rxd8# 1-0


[Site "https://www.chess.com"]

[Event "Titled Tuesday Blitz January 17 Early 2023"]
[White "Seo, Jung Min"]
[Black "Golding, Alex"]
[WhiteFideId "1734687"]
[BlackFideId "427241"]
[WhiteElo "2494"]
[BlackElo "2318"]
[Result "1-0"]
[Round "01"]
[TimeControl "180+2"]
[Date "2023.01.17"]
[WhiteClock "0:01:05"]
[BlackClock "0:00:20"]

1. e4 e5 2. Nc3 Nc6 3. Bc4 Bc5 4. Qg4 Kf8 5. Qg3 Nd4 6. Bb3 Nxb3 7. axb3 d6 8. d3 c6 9. Be3 Bxe3 10. fxe3 Nf6 11. Nge2 h5 12. h3 Rh6 13. Rf1 Qe7 14. Qf2 h4 15. O-O-O a5 16. Ng1 b5 17. Nf3 a4 18. b4 c5 19. bxc5 dxc5 20. Nxb5 Bd7 21. Na3 Ne8 22. Nc4 f6 23. Nfxe5 Be6 24. Na3 Kg8 25. Nec4 Nd6 26. Nxd6 Qxd6 27. d4 Rb8 28. d5 Qe5 29. c3 Bd7 30. Qf4 Re8 31. Qxe5 Rxe5 32. Nc4 Rxe4 33. Nb6 Re7 34. Nxd7 Rxd7 35. Rf4 Rg6 36. Rd2 Rg3 37. Rxa4 Rxe3 38. Rxh4 Re5 39. c4 Re1+ 40. Kc2 Kf7 41. Rf4 Ke7 42. Rff2 Kd6 43. Rfe2 Rg1 44. Re6+ Kc7 45. Rc6+ Kb7 46. Rxc5 Kb6 47. Rb5+ Ka6 48. g4 Rg3 49. Rd3 Rg2+ 50. Kb1 Rg1+ 51. Ka2 Rc1 52. Ra3# 1-0


[Site "https://www.chess.com"]

[Event "Titled Tuesday Blitz January 17 Early 2023"]
[White "Mestnikov, Aisen"]
[Black "Samunenkov, Ihor"]
[WhiteFideId "34130117"]
[BlackFideId "14187086"]
[WhiteElo "2078"]
[BlackElo "2501"]
[Result "0-1"]
[Round "01"]
[TimeControl "180+2"]
[Date "2023.01.17"]
[WhiteClock "0:00:03"]
[BlackClock "0:00:10"]

1. d4 Nf6 2. c4 e6 3. Nf3 b6 4. g3 c6 5. Bg2 Be7 6. Nc3 d5 7. O-O O-O 8. Bf4 dxc4 9. Ne5 Nd5 10. Nxc4 Nd7 11. Bd2 Ba6 12. Qa4 Qc8 13. Qb3 N7f6 14. Rac1 Rd8 15. Bf3 c5 16. dxc5 Bxc5 17. Nb5 Qd7 18. a4 Rac8 19. Rfd1 Qe7 20. e4 Nb4 21. e5 Nd3 22. exf6 Qxf6 23. Be3 Bxe3 24. fxe3 Nxc1 25. Rxc1 Qxf3 26. Qb4 Bb7 27. e4 Bxe4 0-1


[Site "https://www.chess.com"]

[Event "Titled Tuesday Blitz January 17 Early 2023"]
[White "Harsha Bharathakoti"]
[Black "Mohammed, Dilshad"]
[WhiteFideId "5078776"]
[BlackFideId "5050421"]
[WhiteElo "2602"]
[BlackElo "2103"]
[Result "0-1"]
[Round "01"]
[TimeControl "180+2"]
[Date "2023.01.17"]
[WhiteClock "0:00:05"]
[BlackClock "0:00:04"]

1. e4 e5 2. Nf3 Nc6 3. Bc4 Nf6 4. d3 Be7 5. c3 O-O 6. O-O d6 7. a4 a6 8. Nbd2 Be6 9. Bxe6 fxe6 10. b4 Qe8 11. Nc4 Nh5 12. Rb1 b6 13. Re1 Nf4 14. Bxf4 Rxf4 15. g3 Qg6 16. Rb2 Raf8 17. Re3 Qg4 18. Kg2 h5 19. h3 Qg6 20. b5 axb5 21. axb5 Nd8 22. Nh2 Nf7 23. Kh1 Rf6 24. Rf3 Ng5 25. Rxf6 Rxf6 26. h4 Nxe4 27. Nxe5 dxe5 28. dxe4 Qxe4+ 29. Kg1 Bc5 30. Qe2 Bxf2+ 31. Qxf2 Rxf2 32. Rxf2 Qb1+ 33. Kg2 Qxb5 34. Nf3 Qc6 35. Kg1 e4 36. Ng5 Qc5 37. Kf1 e3 38. Re2 Qxc3 39. Kg2 Qc6+ 40. Kf1 Qc1+ 41. Kg2 Qc3 42. Kf3 b5 43. Rxe3 Qc6+ 44. Kf2 Qc5 45. Kf3 e5 46. Rd3 Qc6+ 47. Ke3 Kf8 48. Ne4 Qb6+ 49. Kd2 Ke7 50. Rd5 Ke6 51. Rc5 c6 52. Kc3 Qa5+ 53. Kd3 Qa6 54. Ng5+ Kf5 55. Ne4 Qa3+ 56. Rc3 Qa4 57. Nd6+ Ke6 58. Rxc6 Qa3+ 59. Ke4 Qa4+ 60. Ke3 Kd5 61. Rb6 Qd4+ 0-1


[Site "https://www.chess.com"]

[Event "Titled Tuesday Blitz January 17 Early 2023"]
[White "Boder, Jan"]
[Black "Yuan, Qingyu"]
[WhiteFideId "16243226"]
[BlackFideId "8609772"]
[WhiteElo "2294"]
[BlackElo "2373"]
[Result "1/2-1/2"]
[Round "01"]
[TimeControl "180+2"]
[Date "2023.01.17"]
[WhiteClock "0:00:07"]
[BlackClock "0:00:14"]

1. c4 e6 2. g3 d5 3. Nf3 Nf6 4. Bg2 d4 5. O-O Be7 6. b4 O-O 7. Bb2 c5 8. bxc5 Nc6 9. d3 Bxc5 10. Nbd2 Qd6 11. Nb3 Rd8 12. Nxc5 Qxc5 13. Qa4 e5 14. Ba3 Qb6 15. Rab1 Qc7 16. Ng5 Rb8 17. Ne4 Nxe4 18. Bxe4 Bd7 19. Rfc1 h6 20. Qb5 Re8 21. Qc5 Rbc8 22. Qd6 b6 23. Qxc7 Rxc7 24. Bd6 Rcc8 25. c5 Re6 26. Bd5 Rg6 27. Be4 Re6 28. Bd5 Rg6 29. Be4 Rf6 30. f4 exf4 31. Bxf4 Na5 32. cxb6 Rxc1+ 33. Bxc1 Rxb6 34. Rxb6 axb6 35. Bf4 Nc6 36. Bc7 b5 37. Bxc6 Bxc6 38. Bb6 b4 39. Bxd4 Bd5 40. Bc5 Bxa2 41. Bxb4 f6 42. Kf2 Kf7 43. e4 h5 44. Ke3 Ke6 45. d4 Bb1 46. Ba5 g6 47. d5+ Kf7 48. h4 Ke7 49. Kd4 Kd7 50. Bd2 Bc2 51. Bh6 Bb1 52. Bd2 Ke7 53. Bb4+ Kf7 54. Ke3 Ke8 55. Kf4 Bc2 56. Bc3 Ke7 57. Bd4 Bb1 58. Bc5+ Kf7 59. Bb4 Bc2 60. Bc3 Bb1 61. e5 fxe5+ 62. Kxe5 Ke7 63. d6+ Kd7 64. Bb4 Bf5 65. Kf6 Bb1 66. Kg5 Bc2 67. Bd2 Bd3 68. Bf4 Bc2 69. Kh6 Bb1 70. Kg7 Bc2 71. Kf6 Bb1 72. Kg5 Be4 73. g4 hxg4 74. Kxg4 Bd3 75. Kg5 Bc2 76. Kf6 Bb1 77. Ke5 Bd3 78. Kd4 Bf5 79. Ke3 Bg4 80. Ke4 Bh5 81. Ke5 Bd1 82. Kf6 Bc2 83. Kg5 Bd3 84. Kg4 Be2+ 85. Kg5 Bd3 86. Kh6 Bc2 87. Bg3 Bb1 88. Kg7 Bd3 89. Kf6 Bc2 90. Kg5 Bb1 91. Kf4 Bc2 92. Ke5 Bd1 93. Kd4 Bh5 94. Ke3 Bd1 95. Kd2 Bh5 96. Ke1 Bg4 97. Kf2 Bh5 98. Ke3 Ke6 99. Kf4 Kd7 100. Kg5 Ke6 101. Bh2 Kd7 102. Kf6 Ke8 103. Ke6 Bg4+ 104. Kf6 Bh5 105. Bg3 Kd7 106. Bf4 Ke8 107. Kg7 Kd7 108. Kh6 Ke6 109. Kg5 Kd7 110. Kf6 Ke8 111. Bh2 Kd7 112. Kg5 Ke6 113. Kh6 Kd7 114. Kg7 Ke8 115. Bg3 Kd7 116. Kf6 Ke8 117. Ke6 Bg4+ 118. Ke5 Kd7 119. Kf6 Bh5 120. Bf4 1/2-1/2


[Site "https://www.chess.com"]

[Event "Titled Tuesday Blitz January 17 Early 2023"]
[White "Urazayev, Arystanbek"]
[Black "Mika, Tomasz"]
[WhiteFideId "13709810"]
[BlackFideId "1132970"]
[WhiteElo "2460"]
[BlackElo "2169"]
[Result "1-0"]
[Round "01"]
[TimeControl "180+2"]
[Date "2023.01.17"]
[WhiteClock "0:00:34"]
[BlackClock "0:00:09"]

1. d4 d5 2. c4 dxc4 3. Nf3 Nf6 4. e3 e6 5. Bxc4 a6 6. O-O c5 7. e4 cxd4 8. e5 Nfd7 9. Qxd4 Nc6 10. Qf4 b5 11. Bb3 Qc7 12. Re1 Bb4 13. Nc3 Bb7 14. Qg3 g6 15. Bh6 O-O-O 16. Rac1 Kb8 17. a3 Be7 18. Ne4 Qb6 19. Be3 Qc7 20. Nd6 Bxd6 21. exd6 Qa5 22. Ng5 Rdf8 23. Ne4 f5 24. Nc5 Nxc5 25. Bxc5 e5 26. d7 Rd8 27. Bd6+ Ka8 28. Bxe5 Nxe5 29. Qxe5 Qb6 30. h3 Rhf8 31. Be6 f4 32. Rc7 f3 33. g3 h5 34. h4 Rh8 35. Rec1 Rh6 36. Bd5 Bxd5 37. Qxd5+ Kb8 38. Rc8+ 1-0


[Site "https://www.chess.com"]

[Event "Titled Tuesday Blitz January 17 Early 2023"]
[White "Avazkhonov, Alikhon"]
[Black "Bernadskiy, Vitaliy"]
[WhiteFideId "14208504"]
[BlackFideId "14100371"]
[WhiteElo "1538"]
[BlackElo "2592"]
[Result "0-1"]
[Round "01"]
[TimeControl "180+2"]
[Date "2023.01.17"]
[WhiteClock "0:00:01"]
[BlackClock "0:01:45"]

1. d4 e6 2. c4 b6 3. e4 Bb7 4. Nc3 Bb4 5. Bd3 f5 6. f3 fxe4 7. fxe4 Nf6 8. d5 O-O 9. Nf3 b5 10. cxb5 exd5 11. e5 Ne4 12. Qb3 Nc5 13. Qc2 Rxf3 14. gxf3 d4 15. a3 Qh4+ 16. Ke2 Bxf3+ 17. Kxf3 Nc6 18. Bc4+ Kh8 19. Bf4 dxc3 20. axb4 Nd4+ 21. Kg2 Nxc2 22. bxc5 Qxf4 23. Bd3 Ne3+ 0-1


[Site "https://www.chess.com"]

[Event "Titled Tuesday Blitz January 17 Early 2023"]
[White "Rakhmanov, Aleksandr"]
[Black "Jimenez, Joaquin"]
[WhiteFideId "4173708"]
[BlackFideId "109860"]
[WhiteElo "2632"]
[BlackElo "2195"]
[Result "1-0"]
[Round "01"]
[TimeControl "180+2"]
[Date "2023.01.17"]
[WhiteClock "0:00:30"]
[BlackClock "0:00:11"]

1. d4 Nf6 2. c4 g6 3. Nc3 Bg7 4. e4 d6 5. h3 O-O 6. Be3 e5 7. d5 Nh5 8. g3 a5 9. Be2 Nf6 10. g4 Ne8 11. Bd3 Na6 12. Nge2 Nc5 13. Ng3 Bd7 14. Be2 f5 15. gxf5 gxf5 16. exf5 Bxf5 17. Nxf5 Rxf5 18. Rg1 Kh8 19. Qc2 Rf8 20. O-O-O a4 21. Rg4 Nf6 22. Rh4 Nb3+ 23. axb3 axb3 24. Qb1 Qd7 25. Rg1 e4 26. Nxe4 Nxe4 27. Qxe4 Ra1+ 28. Kd2 Bc3+ 29. Kxc3 Rxg1 30. Bd4+ Rg7 31. Qxh7# 1-0


[Site "https://www.chess.com"]

[Event "Titled Tuesday Blitz January 17 Early 2023"]
[White "Wahedi, Ahmad Siar"]
[Black "Boruchovsky, Avital"]
[WhiteFideId "4651260"]
[BlackFideId "2800055"]
[WhiteElo "2274"]
[BlackElo "2539"]
[Result "0-1"]
[Round "01"]
[TimeControl "180+2"]
[Date "2023.01.17"]
[WhiteClock "0:00:45"]
[BlackClock "0:00:07"]

1. e4 d6 2. Nc3 Nf6 3. g3 h5 4. h3 e5 5. Bg2 c5 6. Nge2 Nc6 7. d3 Be6 8. Bg5 Be7 9. Qd2 Nd7 10. Be3 Nd4 11. f4 f6 12. Nd5 Nb6 13. c4 Nxd5 14. cxd5 Bd7 15. O-O Nxe2+ 16. Qxe2 Qb6 17. b3 O-O-O 18. a4 Kb8 19. Qc2 Rc8 20. Qc4 a6 21. Rfb1 Qb4 22. Rc1 Qxc4 23. bxc4 exf4 24. gxf4 Bd8 25. a5 Bc7 26. Rcb1 Rce8 27. Bd2 Bc8 28. Kf2 Rhf8 29. h4 f5 30. Bf3 Bd8 31. Kg3 Bf6 32. Ra3 g6 33. Bc3 Bxc3 34. Rxc3 fxe4 35. dxe4 Rf6 36. Rf1 Kc7 37. Rb3 Ref8 38. Bg2 Re8 39. Rb6 Ref8 40. Rb2 R6f7 41. Re2 Bg4 42. Re3 Kd8 43. Rf2 Rf6 44. Re1 Kc7 45. Ref1 Re8 46. Re1 Ref8 47. Rb1 R6f7 48. Rb6 Re8 49. Rfb2 Bc8 50. R6b3 Ref8 51. Rf2 Re7 52. Re3 Rfe8 53. Rfe2 Bg4 54. Re1 Rf8 55. e5 Ref7 56. exd6+ Kxd6 57. Rf1 Re7 58. Re5 Rf6 59. Rfe1 Ref7 60. R1e4 Bf5 61. Re3 Bc8 62. Rf3 Rf5 63. Rxf5 Bxf5 64. Re3 Bd7 65. Bf1 Bf5 66. Be2 Bc2 67. Re5 Bf5 68. Bf1 Kc7 69. Kf3 b6 70. axb6+ Kxb6 71. Re8 a5 72. Ra8 Ra7 73. Rb8+ Kc7 74. Rb3 a4 75. Ra3 Kb6 76. Ke3 Ka5 77. Ra1 Kb4 78. Bd3 a3 79. Bxf5 gxf5 80. Kd3 a2 81. Kc2 Kxc4 82. d6 Kd5 83. d7 Rxd7 84. Rxa2 Ke4 85. Ra5 Rd5 86. Ra4+ Rd4 87. Ra5 Rc4+ 88. Kb3 Rc1 89. Kb2 Rc4 90. Kb3 Rb4+ 91. Kc3 Kxf4 92. Rxc5 Re4 93. Rc8 Kg4 94. Rf8 f4 95. Kd3 Re7 96. Rg8+ Kxh4 97. Rg6 Kh3 98. Rf6 Kg4 99. Rg6+ Kh3 100. Rf6 Kg3 101. Rg6+ Kf2 102. Rh6 f3 103. Rxh5 Kf1 104. Rh1+ Kg2 105. Rh7 f2 106. Rxe7 f1=Q+ 107. Kd4 Qf6+ 108. Re5 Kf3 109. Kd5 Kf4 110. Re6 Qf7 111. Kd6 Kf5 112. Re5+ Kf6 113. Rd5 Qb7 114. Kc5 Ke6 115. Rd6+ Ke5 116. Rc6 Qa7+ 117. Kc4 Qa4+ 118. Kc5 Qa3+ 119. Kc4 Qc1+ 120. Kb5 Qb2+ 121. Kc5 Qd4+ 122. Kb5 Kd5 123. Rb6 Qc4+ 124. Ka5 Qa2+ 125. Kb5 Qa3 126. Rh6 Qb2+ 127. Ka6 Qe2+ 128. Kb7 Qe7+ 129. Ka6 Qa3+ 130. Kb7 Qb2+ 131. Rb6 Qg7+ 132. Ka6 Kc5 133. Rb5+ Kc4 134. Rb7 Qa1+ 135. Kb6 Qf6+ 136. Kc7 Kc5 137. Kd7 Qf7+ 138. Kc8 Qe8+ 139. Kc7 Qe7+ 140. Kc8 Qf8+ 141. Kc7 Qe8 142. Rb8 Qe7+ 143. Kc8 Kc6 0-1


[Site "https://www.chess.com"]

[Event "Titled Tuesday Blitz January 17 Early 2023"]
[White "Rustemov, Alexander"]
[Black "Sreyas Payyappat"]
[WhiteFideId "4119002"]
[BlackFideId "46674969"]
[WhiteElo "2525"]
[BlackElo "2076"]
[Result "1-0"]
[Round "01"]
[TimeControl "180+2"]
[Date "2023.01.17"]
[WhiteClock "0:00:47"]
[BlackClock "0:00:09"]

1. d4 Nf6 2. Bg5 d5 3. e3 c5 4. Nf3 Nc6 5. c3 Bg4 6. Nbd2 e6 7. Bd3 Be7 8. O-O O-O 9. a3 c4 10. Bc2 b5 11. e4 Bxf3 12. Qxf3 Nxe4 13. Bxe7 Nxe7 14. Nxe4 dxe4 15. Bxe4 Rb8 16. Rfe1 Qd6 17. Qh5 g6 18. Qh6 a5 19. Re3 f5 20. Bf3 b4 21. axb4 axb4 22. Rae1 bxc3 23. bxc3 Rf6 24. h4 Rbf8 25. Re5 f4 26. Bg4 Nf5 27. Bxf5 Rxf5 28. Rxe6 Qd8 29. Re7 R5f7 30. Rxf7 Rxf7 31. Re5 Qb8 32. f3 Qb1+ 33. Kh2 Qb8 34. Rc5 Qd8 35. Qg5 Qxg5 36. hxg5 Rf5 37. Rxf5 gxf5 38. g3 fxg3+ 39. Kxg3 Kf7 40. Kf4 Ke6 41. d5+ Kxd5 42. Kxf5 Kc5 43. Ke4 Kb5 44. Kd4 Ka4 45. Kxc4 1-0


[Site "https://www.chess.com"]

[Event "Titled Tuesday Blitz January 17 Early 2023"]
[White "Estrada Nieto, Julian"]
[Black "Lagno, Kateryna"]
[WhiteFideId "5101018"]
[BlackFideId "14109336"]
[WhiteElo "2215"]
[BlackElo "2558"]
[Result "0-1"]
[Round "01"]
[TimeControl "180+2"]
[Date "2023.01.17"]
[WhiteClock "0:00:04"]
[BlackClock "0:00:27"]

1. e4 e5 2. Nf3 Nc6 3. Bb5 a6 4. Ba4 d6 5. Bxc6+ bxc6 6. d4 exd4 7. Qxd4 Nf6 8. Nc3 Be7 9. Bg5 O-O 10. e5 Nd7 11. Bf4 dxe5 12. Nxe5 Bf6 13. O-O-O Nxe5 14. Bxe5 Qxd4 15. Bxd4 Bg5+ 16. Kb1 Bf5 17. Be5 Rac8 18. f3 Rfe8 19. Rhe1 h5 20. h3 Bh4 21. Re3 f6 22. Bf4 Rxe3 23. Bxe3 Bg3 24. a4 Re8 25. Bg1 Kf7 26. b3 g5 27. a5 g4 28. hxg4 hxg4 29. fxg4 Bxg4 30. Rf1 Kg6 31. Bd4 f5 32. Na4 Rd8 33. Bf2 Be5 34. Be3 Be2 35. Rh1 f4 36. Bc1 Kf5 37. Bb2 Bxb2 38. Kxb2 Rg8 39. Rh2 Bf1 40. Nc5 Rxg2 41. Rh6 Bb5 42. Kc1 f3 43. Rh3 f2 44. Rf3+ Kg4 45. Rf6 f1=Q+ 46. Rxf1 Bxf1 47. c4 Ra2 48. Na4 Bxc4 0-1


[Site "https://www.chess.com"]

[Event "Titled Tuesday Blitz January 17 Early 2023"]
[White "Shipov, Sergei"]
[Black "Valle Maytin, Luis Enrique"]
[WhiteFideId "4113624"]
[BlackFideId "3503666"]
[WhiteElo "2541"]
[BlackElo "2241"]
[Result "0-1"]
[Round "01"]
[TimeControl "180+2"]
[Date "2023.01.17"]
[WhiteClock "0:00:01"]
[BlackClock "0:00:11"]

1. d4 Nf6 2. c4 e6 3. Nc3 Bb4 4. Qc2 d5 5. a3 Bxc3+ 6. Qxc3 Ne4 7. Qc2 O-O 8. Nf3 b6 9. cxd5 exd5 10. Bf4 c5 11. e3 Bf5 12. Qa4 Nd7 13. Be2 a6 14. O-O b5 15. Qd1 c4 16. Nd2 Nxd2 17. Qxd2 Re8 18. f3 Qb6 19. Bg3 Nf6 20. Rfe1 a5 21. Kh1 b4 22. Rec1 h6 23. Be1 c3 24. bxc3 b3 25. Rab1 Bxb1 26. Rxb1 a4 27. Bg3 Rac8 28. Bd3 Qa5 29. Rc1 Re6 30. Bf5 Rc4 31. Bxe6 fxe6 32. Bd6 Qb6 33. Bb4 Qc6 34. h3 Qc7 35. Re1 Qg3 36. Kg1 Nh7 37. e4 Ng5 38. Kf1 Qh2 39. exd5 Nxh3 40. dxe6 Qg1+ 41. Ke2 Qxg2+ 42. Kd1 Qxf3+ 43. Kc1 Qf5 0-1


[Site "https://www.chess.com"]

[Event "Titled Tuesday Blitz January 17 Early 2023"]
[White "Erzhanov, Arman"]
[Black "Dvirnyy, Danyyil"]
[WhiteFideId "4138821"]
[BlackFideId "817570"]
[WhiteElo "2228"]
[BlackElo "2541"]
[Result "1-0"]
[Round "01"]
[TimeControl "180+2"]
[Date "2023.01.17"]
[WhiteClock "0:00:31"]
[BlackClock "0:00:34"]

1. e4 c5 2. Nf3 d6 3. Bb5+ Nd7 4. d4 cxd4 5. Qxd4 a6 6. Bxd7+ Bxd7 7. O-O h6 8. c4 e5 9. Qd3 Nf6 10. Nc3 Be7 11. Rd1 O-O 12. b3 b5 13. cxb5 axb5 14. Nxb5 Nxe4 15. Qxe4 Bxb5 16. Bb2 Qb6 17. Nd2 Rac8 18. Rac1 Qa6 19. a4 Be2 20. Re1 Bd3 21. Qd5 Bg5 22. Rxc8 Rxc8 23. Ne4 Bxe4 24. Qxe4 Qb6 25. b4 Bf6 26. b5 Rc2 27. Qxc2 1-0


[Site "https://www.chess.com"]

[Event "Titled Tuesday Blitz January 17 Early 2023"]
[White "Kilic, Eray"]
[Black "Urbina Perez, Juan Antonio"]
[WhiteFideId "44517173"]
[BlackFideId "2217368"]
[WhiteElo "2414"]
[BlackElo "2266"]
[Result "1-0"]
[Round "01"]
[TimeControl "180+2"]
[Date "2023.01.17"]
[WhiteClock "0:01:39"]
[BlackClock "0:01:27"]

1. e4 c6 2. Nc3 d5 3. Nf3 dxe4 4. Nxe4 Nf6 5. Nxf6+ exf6 6. d4 Bd6 7. Bd3 O-O 8. O-O Re8 9. h3 Qc7 10. Re1 Rxe1+ 11. Qxe1 Nd7 12. c4 Nf8 13. Be3 Bd7 14. Rd1 Re8 15. Qf1 Bf4 16. Bxf4 Qxf4 17. Nh2 Kh8 18. Bb1 Bf5 19. g3 Qg5 20. Nf3 Qh5 21. g4 Bxg4 22. hxg4 Qxg4+ 23. Qg2 Qh5 24. Qg3 Ne6 25. Kg2 h6 26. d5 cxd5 27. Rh1 1-0


[Site "https://www.chess.com"]

[Event "Titled Tuesday Blitz January 17 Early 2023"]
[White "Manukian, Artak"]
[Black "Pakleza, Zbigniew"]
[WhiteFideId "13301373"]
[BlackFideId "1119290"]
[WhiteElo "2196"]
[BlackElo "2494"]
[Result "1-0"]
[Round "01"]
[TimeControl "180+2"]
[Date "2023.01.17"]
[WhiteClock "0:00:12"]
[BlackClock "0:00:05"]

1. e4 d6 2. d4 Nf6 3. f3 Nbd7 4. c4 e5 5. d5 Be7 6. Bd3 O-O 7. Ne2 Ne8 8. Nbc3 Bg5 9. O-O g6 10. g4 a5 11. Ng3 Nc5 12. Bc2 Ng7 13. Na4 Nxa4 14. Bxa4 f5 15. gxf5 gxf5 16. Kh1 Bxc1 17. Rxc1 Qh4 18. c5 Rf6 19. Qe1 Rh6 20. Qf2 b6 21. cxb6 cxb6 22. Rc7 Kh8 23. Rfc1 Ba6 24. Rxg7 f4 25. Rg4 fxg3 26. Rxh4 gxf2 27. Rxh6 Rg8 28. Rxd6 Be2 29. Rf6 Kg7 30. Rf5 Rc8 31. Bc6 f1=Q+ 32. Rxf1 Bxf1 33. Rxe5 Bh3 34. Kg1 Kf6 35. Rh5 Rg8+ 36. Kf2 Rg2+ 37. Ke3 Rxh2 38. d6 Rc2 39. Rxh3 Rxc6 40. Rxh7 Rc2 41. d7 1-0


[Site "https://www.chess.com"]

[Event "Titled Tuesday Blitz January 17 Early 2023"]
[White "Murzin, Volodar"]
[Black "Jaskolka, Tomasz"]
[WhiteFideId "44155573"]
[BlackFideId "1170791"]
[WhiteElo "2604"]
[BlackElo "2238"]
[Result "1-0"]
[Round "01"]
[TimeControl "180+2"]
[Date "2023.01.17"]
[WhiteClock "0:01:33"]
[BlackClock "0:00:49"]

1. e4 c5 2. Nf3 e6 3. g3 Nc6 4. Bg2 d5 5. exd5 exd5 6. O-O Be7 7. d4 cxd4 8. Nxd4 Nf6 9. Nc3 O-O 10. Be3 Bg4 11. Qd2 Ne5 12. Rae1 Nc4 13. Qc1 Rc8 14. Bg5 h6 15. Rxe7 Qxe7 16. Nxd5 Qd6 17. Bxf6 gxf6 18. Qxh6 f5 19. Nf6+ 1-0


[Site "https://www.chess.com"]

[Event "Titled Tuesday Blitz January 17 Early 2023"]
[White "Heinemann, Josefine"]
[Black "Borges Feria, Yasel"]
[WhiteFideId "12900460"]
[BlackFideId "3504921"]
[WhiteElo "2289"]
[BlackElo "2439"]
[Result "1-0"]
[Round "01"]
[TimeControl "180+2"]
[Date "2023.01.17"]
[WhiteClock "0:01:33"]
[BlackClock "0:00:12"]

1. e4 c5 2. Nf3 d6 3. Bb5+ Nd7 4. O-O a6 5. Bd3 Ngf6 6. c3 e5 7. a4 Be7 8. Bc2 O-O 9. a5 b5 10. axb6 Qxb6 11. Na3 Qc7 12. Nc4 Bb7 13. Re1 Rfe8 14. Na5 Bf8 15. Nxb7 Qxb7 16. d3 a5 17. Bb3 Reb8 18. Ba2 h6 19. Nh4 a4 20. Qf3 Qc7 21. Nf5 Qd8 22. Qg3 Nh5 23. Qg6 Ndf6 24. Nxh6+ Kh8 25. Nxf7+ 1-0


[Site "https://www.chess.com"]

[Event "Titled Tuesday Blitz January 17 Early 2023"]
[White "Arjun, Kalyan"]
[Black "Gonzalez, Francisco Silva"]
[WhiteFideId "35018701"]
[BlackFideId "1512285"]
[WhiteElo "2516"]
[BlackElo "2021"]
[Result "1-0"]
[Round "01"]
[TimeControl "180+2"]
[Date "2023.01.17"]
[WhiteClock "0:01:46"]
[BlackClock "0:01:01"]

1. e4 e5 2. Nf3 Nc6 3. Bc4 Bc5 4. d3 Nf6 5. O-O d6 6. c3 a6 7. a4 Ba7 8. Re1 h6 9. Nbd2 g5 10. b4 g4 11. Nh4 Nxe4 12. Nxe4 Qxh4 13. d4 Kf8 14. b5 Na5 15. Ba2 exd4 16. cxd4 f5 17. Ng3 Qf6 18. Qe2 Bd7 19. Nh5 Qxd4 20. Qe7# 1-0


[Site "https://www.chess.com"]

[Event "Titled Tuesday Blitz January 17 Early 2023"]
[White "Legenia, Artem"]
[Black "Concio, Michael Jr."]
[WhiteFideId "14136945"]
[BlackFideId "5217873"]
[WhiteElo "2092"]
[BlackElo "2395"]
[Result "0-1"]
[Round "01"]
[TimeControl "180+2"]
[Date "2023.01.17"]
[WhiteClock "0:00:18"]
[BlackClock "0:00:10"]

1. f4 d5 2. Nf3 c5 3. e3 Nc6 4. Bb5 Bg4 5. b3 Nf6 6. Bxc6+ bxc6 7. Bb2 e6 8. O-O Be7 9. d3 O-O 10. Nbd2 Bh5 11. Qe2 Nd7 12. e4 Nb6 13. a4 a5 14. Qf2 f6 15. Rae1 Qd7 16. Ba3 d4 17. Rc1 Qc7 18. g3 e5 19. f5 Rfb8 20. h3 Bf7 21. g4 g5 22. fxg6 hxg6 23. Kg2 Kg7 24. h4 Rh8 25. Rh1 Qd7 26. Qg3 Qe6 27. h5 g5 28. h6+ Kh7 29. Nf1 Be8 30. Qh3 Bd7 31. N3h2 Nc8 32. Ng3 Bf8 33. Nf5 Ne7 34. Bxc5 Ng6 35. Rhf1 Bxc5 36. Kh1 Nf4 37. Qg3 Qf7 38. Rf2 Bxf5 39. exf5 Kxh6 40. Kg1 Kg7 41. Kf1 Rh3 42. Qg1 Rah8 43. Nf3 Rh1 0-1


[Site "https://www.chess.com"]

[Event "Titled Tuesday Blitz January 17 Early 2023"]
[White "Riehle, Marco"]
[Black "Kostenko, Petr"]
[WhiteFideId "12904392"]
[BlackFideId "13700669"]
[WhiteElo "2368"]
[BlackElo "2371"]
[Result "1-0"]
[Round "01"]
[TimeControl "180+2"]
[Date "2023.01.17"]
[WhiteClock "0:00:32"]
[BlackClock "0:00:11"]

1. e4 c6 2. c4 d5 3. cxd5 cxd5 4. exd5 Nf6 5. Nc3 Nxd5 6. Nf3 e6 7. d4 Bb4 8. Bd2 Nc6 9. Bd3 Nce7 10. O-O Bd7 11. Ne5 Bc6 12. Rc1 Nf6 13. Be3 O-O 14. Nxc6 Nxc6 15. Ne4 Be7 16. Bb1 Rc8 17. h3 Qd5 18. Nxf6+ Bxf6 19. Qa4 a6 20. Rfd1 Rfd8 21. Rc5 Qd6 22. d5 exd5 23. Rcxd5 Qxd5 24. Bxh7+ Kh8 25. Rxd5 Rxd5 26. Be4 Re5 27. Bf3 Kg8 28. Qb3 Rb5 29. Qc4 Rxb2 30. Bd5 Ne7 31. Qg4 Rd8 32. Bb3 a5 33. h4 b5 34. Bb6 Rdd2 35. Qh5 g6 36. Qf3 Kg7 37. Bc5 Nf5 38. h5 Nh4 39. h6+ Kxh6 40. Qxf6 Nf5 41. g4 Rxf2 42. Bxf2 1-0


[Site "https://www.chess.com"]